 Dungeon Crawl Stone Soup version 0.31.0-2-g5a2aebc5c2 (webtiles) character file.

Game seed: 4485913653132829387

12096 slimemold the Grappler (level 11, -7/87 HPs)
             Began as a Barachi Shapeshifter on Jan 20, 2024.
             Was a Priest of Uskayaw.
             Mangled by a vampire (9 damage)
             ... on level 11 of the Dungeon.
             The game lasted 00:33:03 (10171 turns).

slimemold the Grappler (Barachi Shapeshifter)      Turns: 10171, Time: 00:33:04

Health: -7/87      AC: 18    Str: 22    XL:     11   Next: 88%
Magic:  11/14      EV: 13    Int: 10    God:    Uskayaw [***...]
Gold:   778        SH:  5    Dex: 12    Spells: 10/10 levels left

rFire   . .          .
                       - Unarmed
rCold   . . .        (no shield)
rNeg    . . .        q - +6 scale mail of Juhim {rCorr Str+2}
rPois   .            (helmet currently unavailable)
rElec   .            (cloak currently unavailable)
rCorr   +            (gloves currently unavailable)
SInv    .            (boots currently unavailable)
Will    .....        n - amulet "Voejoy" {Reflect Slay+2 SH+5} Stlth
                     s - +4 ring of protection
HPRegen 0.34/turn    a - ring of flight
MPRegen 0.14/turn

%: reflection
@: mighty, beast-form, flying, studying Armour, slow
A: beast (slay +4), amphibious, slowness 1, strong legs 1, +LOS
a: Hop, Begin Untransformation, Renounce Religion, Stomp, Line Pass


You were on level 11 of the Dungeon.
You worshipped Uskayaw.
Uskayaw was noncommittal.
You were a hulking beast.
You visited 2 branches of the dungeon, and saw 12 of its levels.
You also visited: Bailey.

You collected 832 gold pieces.
You spent 54 gold pieces at shops.

Inventory:

Hand Weapons
 J - the +7 staff of the Meek {protect, meekguard}
   (You found it on level 8 of the Dungeon)
 M - a +5 heavy executioner's axe
Missiles
 o - 2 throwing nets
 v - 15 poisoned darts (quivered)
Armour
 p - a +0 pair of gloves
 q - the +6 scale mail of Juhim (worn) {rCorr Str+2}
   (You found it on level 3 of the Dungeon)

   Str+2:     It affects your strength (+2).
   rCorr:     It protects you from acid and corrosion.
 A - a +0 cloak
 F - a +0 helmet
Jewellery
 a - a ring of flight (right hand)
 g - an amulet of faith
 n - the amulet "Voejoy" (around neck) {Reflect Slay+2 SH+5}
   (You found it on level 2 of the Dungeon)

   [amulet of reflection]

   Reflect:   It reflects blocked missile attacks.
   Slay+2:    It affects your accuracy & damage with ranged weapons and melee
   (+2).
   SH+5:      It affects your SH (+5).
 s - a +4 ring of protection (left hand)
 u - a ring of willpower
 y - an amulet of the acrobat
 z - a ring of wizardry
 P - a ring of fire
Talismans
 c - a beast talisman
 d - a flux talisman
 L - a serpent talisman
Wands
 x - a wand of roots (18)
 K - a wand of flame (11)
Scrolls
 e - 5 scrolls of teleportation
 h - 3 scrolls of fear {unknown}
 k - 4 scrolls of enchant armour
 l - 3 scrolls of fog
 m - 5 scrolls of amnesia {unknown}
 r - a scroll of immolation {unknown}
 t - 2 scrolls of vulnerability
 B - a scroll of brand weapon {unknown}
 C - 2 scrolls of poison {unknown}
 G - a scroll of silence {unknown}
 N - a scroll of enchant weapon {unknown}
 Q - a scroll of torment {unknown}
Potions
 b - 4 potions of lignification
 f - 8 potions of curing
 i - 2 potions of haste {unknown}
 j - 2 potions of might
 D - a potion of heal wounds {unknown}
 E - 4 potions of berserk rage {unknown}
 H - a potion of mutation {unknown}
 I - 2 potions of cancellation {unknown}
 O - 2 potions of brilliance {unknown}
Miscellaneous
 w - a box of beasts


   Skills:
 + Level 8.3 Fighting
 + Level 9.7 Armour
 + Level 7.8 Dodging
 * Level 11.3 Unarmed Combat
 + Level 4.6 Invocations
 * Level 10.5 Shapeshifting


You had 10 spell levels left.
You didn't know any spells.
Your spell library contained the following spells:

 Spells                   Type           Power      Damage    Failure   Level
 Necrotise                Necr           0%         1d4       63%         1
 Shock                    Conj/Air       0%         1d3       63%         1
 Swiftness                Air            0%         N/A       94%         3
 Vampiric Draining        Necr           0%         2d6       94%         3
 Airstrike                Air            0%         2d(0-16)  100%        4
 Martyr's Knell           Necr/Summ      0%         N/A       100%        4
 Curse of Agony           Necr           0%         N/A       100%        5
 Conjure Ball Lightning   Conj/Air       0%         3x3d6     100%        6
 Discord                  Hex            0%         N/A       100%        8
 Disjunction              Tloc           0%         N/A       100%        8


Dungeon Overview and Level Annotations

Branches:
Dungeon (11/15)            Temple (1/1) D:5          Bailey (visited)
   Lair: D:8-11         Orc: D:9-12

Altars:
Ashenzari
Cheibriados
Dithmenos
Elyvilon
Fedhas
Gozag
Hepliaklqana
Kikubaaqudgha
Makhleb
Nemelex Xobeh
Okawaru
Qazlal
Ru
Sif Muna
Trog
Uskayaw
Vehumet
Wu Jian
Xom
Yredelemnul
Zin
The Shining One

Shops:
D:2 !   D:4 *   D:6 [

Annotations:
D:8 exclusion: ice statue


Innate Abilities, Weirdness & Mutations

You are a hulking beast.
Your limbs bulge with bestial killing power. (Slay +4)
You are amphibious.
You cover ground slowly.
You can hop short distances.
You have an extended range of vision and can be seen from far away.


Message History

You hit the boulder beetle. You punch the boulder beetle.
The boulder beetle is severely wounded.
The boulder beetle misses you.
You hit the boulder beetle but do no damage.
The boulder beetle is severely wounded.
The vampire mumbles some strange words.
The vampire flickers and vanishes!
Deactivating autopickup; reactivate with Ctrl-A.
The boulder beetle bites you!
* * * LOW HITPOINT WARNING * * *
Aiming: Line Pass
Press: ? - help, Dir - move target, p - boulder beetle
Okay, then.
You punch the boulder beetle!
The boulder beetle is severely wounded.
The boulder beetle leaps!
Uskayaw will force your foes to helplessly watch your dance.
Uskayaw prepares the audience for your solo!
The boulder beetle is no longer paralysed.
Something hits you!
* * * LOW HITPOINT WARNING * * *
Something bites you.
* * * LOW HITPOINT WARNING * * *
Something draws strength from your injuries!
The boulder beetle curls into a ball and begins rolling!
You punch something! Something hits you.
* * * LOW HITPOINT WARNING * * *
Something bites you but does no damage.
You stomp with the beat, sending a shockwave through the revellers around you!
Something hits you.
* * * LOW HITPOINT WARNING * * *
Something bites you!
* * * LOW HITPOINT WARNING * * *
Something draws strength from your injuries!
The boulder beetle stops rolling and uncurls.
Uskayaw will force your foes to helplessly watch your dance.
You feel very mighty all of a sudden. Something hits you but does no damage.
Something bites you!
You die...

#... .# #... .#
#...##. ...#.. ....°
..°## .B. #{# . #h#
.. ##.# #.
##..#####.
#......##.##
#......##..#
#......###.######
#...............####
#......##..)........
#......###.######.##


You could see a boulder beetle.

Vanquished Creatures
  2 centaur warriors (D:10)
  3 two-headed ogres
  Nergalle (D:10)
  Maggie (D:9)
  3 trolls
  Grinder (D:3)
  A shadow (D:10)
  3 wyverns
  A wraith (D:10)
  A yak (D:10)
  2 basilisks (D:10)
  A steam dragon (D:9)
  Menkaure (D:5)
  2 vampire mosquitoes (D:10)
  2 acid dragons
  2 water moccasins
  A black bear (D:6)
  3 sky beasts (D:7)
  15 orc warriors
  2 ice beasts
  17 centaurs
  2 kobold brigands
  Blork the orc (D:5)
  3 bullfrogs
  2 gnoll sergeants
  6 killer bees (D:9)
  3 howler monkeys
  2 jellies (D:5)
  10 orc priests
  3 bombardier beetles
  3 hounds
  A gnoll bouda (D:7)
  5 iguanas
  6 orc wizards
  15 gnolls
  8 adders
  2 shadow imps (D:6)
  4 white imps
  2 dart slugs
  59 orcs
  8 ball pythons
  6 bats (D:1)
  8 endoplasms
  2 giant cockroaches (D:4)
  15 goblins
  7 hobgoblins
  15 kobolds
  2 quokkas
  2 frilled lizards (D:1)
  A rat (D:2)
268 creatures vanquished.

Notes
Turn   | Place    | Note
-------+----------+-------------------------------------------
     0 | D:1      | slimemold the Barachi Shapeshifter began the quest for the
                  | Orb.
     0 | D:1      | Reached XP level 1. HP: 15/15 MP: 1/1
    82 | D:1      | Reached XP level 2. HP: 12/21 MP: 2/2
   474 | D:1      | Found a faded altar of an unknown god.
   749 | D:2      | Reached XP level 3. HP: 21/26 MP: 3/3
   860 | D:2      | Found Zalal's Distillery.
   906 | D:2      | Bought 2 potions of degeneration for 24 gold pieces
  1249 | D:2      | Identified the amulet "Voejoy" {Reflect Slay+2 SH+5}
  1756 | D:3      | Found a bloodstained altar of Trog.
  1881 | D:3      | Identified the +6 scale mail of Juhim {rCorr Str+2}
  1919 | D:3      | Reached skill level 4 in Unarmed Combat
  1919 | D:3      | Reached XP level 4. HP: 21/33 MP: 4/4
  2094 | D:3      | Found an iron altar of Okawaru.
  2251 | D:3      | Noticed Grinder
  2259 | D:3      | Paralysed by Grinder for 2 turns
  2265 | D:3      | Killed Grinder
  2266 | D:3      | Reached skill level 5 in Unarmed Combat
  2266 | D:3      | Reached skill level 5 in Shapeshifting
  2266 | D:3      | Reached XP level 5. HP: 16/40 MP: 5/5
  2266 | D:3      | Reached XP level 6. HP: 18/46 MP: 6/6
  2472 | D:3      | Found a sparkling altar of Nemelex Xobeh.
  2682 | D:4      | Found Kaarev's CLEARANCE SALE!.
  2693 | D:4      | Bought a scroll of identify for 10 gold pieces
  2693 | D:4      | Bought a scroll of vulnerability for 20 gold pieces
  2811 | D:4      | Reached XP level 7. HP: 50/52 MP: 7/7
  3138 | D:5      | Entered Level 5 of the Dungeon
  3172 | D:5      | Noticed a troll
  3176 | D:5      | Killed a troll
  3177 | D:5      | Reached skill level 6 in Unarmed Combat
  3224 | D:5      | Found a staircase to the Ecumenical Temple.
  3341 | D:5      | Reached XP level 8. HP: 59/60 MP: 8/8
  3356 | D:5      | Noticed Menkaure
  3369 | D:5      | Killed Menkaure
  3370 | D:5      | Reached skill level 7 in Unarmed Combat
  3765 | D:5      | Reached skill level 1 in Armour
  3800 | D:5      | Reached skill level 5 in Dodging
  3805 | D:5      | Reached skill level 5 in Fighting
  4075 | D:5      | Noticed Blork the orc
  4086 | D:5      | Killed Blork the orc
  4149 | Temple   | Entered the Ecumenical Temple
  4172 | Temple   | Became a worshipper of Uskayaw the Reveller
  4210 | D:6      | Reached * piety under Uskayaw
  4214 | D:6      | Reached ** piety under Uskayaw
  4218 | D:6      | Reached *** piety under Uskayaw
  4313 | D:6      | Reached XP level 9. HP: 66/68 MP: 9/9
  4317 | D:6      | Found Qaireitz's Armour Emporium.
  4415 | D:6      | Reached **** piety under Uskayaw
  4702 | D:6      | Reached skill level 8 in Unarmed Combat
  4702 | D:6      | Reached skill level 1 in Invocations
  5074 | D:7      | Found an iron altar of Okawaru.
  5123 | D:7      | Found a shadowy altar of Dithmenos.
  5143 | D:7      | Found a radiant altar of Vehumet.
  5346 | D:7      | Reached skill level 5 in Armour
  5766 | D:8      | Reached XP level 10. HP: 56/76 MP: 11/11
  5841 | D:8      | Reached skill level 9 in Unarmed Combat
  5900 | D:8      | Noticed a two-headed ogre
  5914 | D:8      | Killed a two-headed ogre
  6048 | D:8      | Found the +7 staff of the Meek {protect, meekguard}
  6105 | D:8      | Noticed an ice statue
  6221 | D:8      | Noticed a two-headed ogre
  6232 | D:8      | Killed a two-headed ogre
  6545 | D:8      | Found an ancient bone altar of Kikubaaqudgha.
  6548 | D:8      | Found a basalt altar of Yredelemnul.
  6551 | D:8      | Found a glowing silver altar of Zin.
  6554 | D:8      | Found a white marble altar of Elyvilon.
  6797 | D:9      | Identified the +1 trident "Leviticus" {freeze, *Noise rF++
                  | rCorr Dex+4}
  6829 | D:9      | Noticed Maggie
  6853 | D:9      | Reached ***** piety under Uskayaw
  6856 | D:9      | Killed Maggie
  7229 | D:9      | Reached skill level 10 in Unarmed Combat
  7239 | D:9      | Found a flagged portal.
  7245 | Bailey   | Entered a bailey
  7638 | Bailey   | Reached XP level 11. HP: 77/84 MP: 13/13
  8909 | D:10     | Entered Level 10 of the Dungeon
  8927 | D:10     | Noticed a centaur warrior
  8941 | D:10     | Killed a centaur warrior
  9025 | D:10     | Noticed Nergalle
  9034 | D:10     | Noticed a spectral orc warlord
  9040 | D:10     | Killed Nergalle
  9041 | D:10     | Reached skill level 10 in Shapeshifting
  9444 | D:10     | Noticed a two-headed ogre
  9453 | D:10     | Killed a two-headed ogre
  9454 | D:10     | Reached skill level 11 in Unarmed Combat
  9463 | D:10     | Reached ****** piety under Uskayaw
  9721 | D:10     | Noticed a centaur warrior
  9731 | D:10     | Killed a centaur warrior
  9968 | D:10     | Found a hazy altar of Hepliaklqana.
 10149 | D:11     | Noticed a boulder beetle
 10170 | D:11     | HP: 1/87 [something (10)]
 10171 | D:11     | Mangled by a vampire

Illustrated notes

Levels and vault maps discovered:
D:1:      heliophobic_arrival_glass_houses, layout_rooms,
          dreamdust_ecumenical_altar_hidden_monk_grotto
D:2:      layout_loops_corners, serial_shops, shop
D:3:      wander_river, layout_loops_corners, nemelex_dance_club_becter,
          trog_hazing_becter, okawaru_altar_gauntlet_db, uniq_grinder
D:4:      minmay_octagon_keep, layout_cave_pools, nicolae_shop_clearance
D:5:      layout_basic, temple_green, minmay_manual_mares, uniq_blork_the_orc,
          uniq_menkaure
D:6:      layout_cave_pools, serial_shops, shop
D:7:      layout_basic, grunt_temple_overflow_open, david_defended_altar_orc
D:8:      lemuel_ice_statue, layout_basic, grunt_temple_overflow_cloverleaf,
          pf_guarded_unrand_meek
D:9:      layout_basic, enter_bailey_3, uniq_maggie
D:10:     layout_roguey, nicolae_hepliaklqana_hippocampus, nicolae_doodle_vault,
          uniq_nergalle
D:11:     layout_rooms, dpeg_lair_monsters,
          kennysheep_orc_monster_closet_entryway, special_room
          [special_room_orc], serial_bayou_pond_d
Temple:   minmay_temple_forest_path

Skill      XL: |  1  2  3  4  5  6  7  8  9 10 11 |
---------------+----------------------------------+-----
Fighting       | 2 3 4 5 6 7 8 |  8.3
Unarmed Combat | 4 5 6 7 8 10 11 | 11.3
Shapeshifting  | 4 5 6 7 8 9 10 | 10.5
Dodging        | 3 4 5 6 7 |  7.8
Armour         | 3 5 7 9 |  9.7
Invocations    | 2 3 4 |  4.6

Action                     |  1- 3 |  4- 6 |  7- 9 | 10-12 || total
---------------------------+-------+-------+-------+-------++-------
  Melee: Unarmed           |   123 |    73 |   280 |   373 ||   849
         Punch             |     1 |       |     9 |    27 ||    37
  Throw: Dart              |       |       |     5 |    26 ||    31
 Invoke: Stomp             |       |       |       |     3 ||     3
Ability: Hop               |       |       |       |     1 ||     1
  Evoke: Wand              |       |       |     8 |     1 ||     9
    Use: Potion            |       |     1 |       |     1 ||     2
         Scroll            |       |     2 |     3 |       ||     5
   Stab: Sleeping          |     1 |       |       |       ||     1
         Paralysed         |       |       |     4 |    16 ||    20
 Armour: Animal skin       |    72 |     1 |       |       ||    73
         Scale mail        |       |    30 |   161 |   330 ||   521
         Skin              |       |     1 |       |       ||     1
  Dodge: Dodged            |   107 |    35 |    92 |   255 ||   489
  Block: Other             |       |    10 |    31 |    75 ||   116
         Reflection        |       |     1 |     1 |     2 ||     4
